PIO (24 & UNDER)
COLORADO COMMANDERS @ SASKATOON SMOKIN' GUNS
08/25/2030
 
TOP OF THE 1ST
Colorado Commanders batting - Pitching for Saskatoon Smokin' Guns : RHP Jorge Valentín
Pitching: RHP Jorge Valentín
Batting: SHB Francisco Madrigal 0-0: Ball
1-0: SOLO HOME RUN (Flyball, 9LD), Distance : 359 ft
Batting: RHB Lawrence Ware 0-0: Swinging Strike
0-1: Ground out 4-3 (Groundball, 34)
Batting: LHB Arthur Guzmán 0-0: Ball
1-0: Ball
2-0: Called Strike
2-1: Ground out 5-3 (Groundball, 56)
Batting: LHB Francisco Ríos 0-0: Ball
1-0: SINGLE (Groundball, 4MD)
Batting: RHB Henry Cahill 0-0: Called Strike
0-1: Swinging Strike
0-2: Foul Ball, location: 2F
0-2: Ball
1-2: Ball
2-2: Ball
3-2: Foul Ball, location: 2F
3-2: Base on Balls
Francisco Ríos to second
Batting: LHB Roberto Herrera 0-0: Ball
1-0: Ball
2-0: Foul Ball, location: 2F
2-1: Called Strike
2-2: Strikes out swinging
Top of the 1st over - 1 run, 2 hits, 0 errors, 2 left on base; Colorado 1 - Saskatoon 0
BOTTOM OF THE 1ST
Saskatoon Smokin' Guns batting - Pitching for Colorado Commanders : RHP Juan Ochoa
Pitching: RHP Juan Ochoa
Batting: RHB Luis Suárez 0-0: Ground out 4-3 (Groundball, 34)
Batting: LHB Jim Hall 0-0: Foul Ball, location: 2F
0-1: Foul Ball, location: 2F
0-2: Ball
1-2: Ball
2-2: SINGLE (Groundball, 34D)
Batting: LHB José Domínguez 0-0: Ball
1-0: Called Strike
1-1: Foul Ball, location: 2F
1-2: Strikes out looking
Jim Hall steals 2nd base
Batter strikes out.
Batting: RHB Juan Alvarado 0-0: Called Strike
0-1: Called Strike
0-2: 2-RUN HOME RUN (Flyball, 7LD), Distance : 410 ft
Batting: RHB Lyle Johnston 0-0: Ball
1-0: Swinging Strike
1-1: Called Strike
1-2: Ball
2-2: Foul Ball, location: 2F
2-2: Foul Ball, location: 2F
2-2: Ball
3-2: Base on Balls
Batting: RHB Rafael Gonzáles 0-0: Ball
Lyle Johnston steals 2nd base
1-0: Ground out 4-3 (Groundball, 4MS)
Bottom of the 1st over - 2 runs, 2 hits, 0 errors, 1 left on base; Colorado 1 - Saskatoon 2
TOP OF THE 2ND
Colorado Commanders batting - Pitching for Saskatoon Smokin' Guns : RHP Jorge Valentín
Batting: RHB William Dyer 0-0: Called Strike
0-1: Ball
1-1: SINGLE (Groundball, 6MD)
Batting: RHB Carlos Jiménez 0-0: Fly out, F8 (Flyball, 8RS)
Batting: RHB Pete Davis 0-0: Called Strike
0-1: Swinging Strike
0-2: Ball
1-2: Strikes out swinging
Batting: SHB Francisco Madrigal 0-0: Ball
1-0: SINGLE (Groundball, 34D)
William Dyer to second
Runner from 2nd tries for 3rd, SAFE, no throw
Batting: RHB Lawrence Ware 0-0: Ball
1-0: SINGLE (Groundball, 6MD)
William Dyer scores
Francisco Madrigal to second
Runner from 2nd tries for 3rd, SAFE, throw made to third
Batting: LHB Arthur Guzmán 0-0: Ball
1-0: Fly out, F7 (Flyball, 7)
Top of the 2nd over - 1 run, 3 hits, 0 errors, 2 left on base; Colorado 2 - Saskatoon 2
BOTTOM OF THE 2ND
Saskatoon Smokin' Guns batting - Pitching for Colorado Commanders : RHP Juan Ochoa
Batting: RHB Artie Turner 0-0: Ball
1-0: Foul Ball, location: 2F
1-1: Foul Ball, location: 2F
1-2: Ball
2-2: Ball
3-2: Foul Ball, location: 2F
3-2: Base on Balls
Batting: RHB Héctor Garza 0-0: Swinging Strike
0-1: Called Strike
0-2: Strikes out swinging
Batting: LHB Raúl Luna 0-0: Ball
1-0: Ball
2-0: Foul Ball, location: 2F
2-1: Fly out, F8 (Flyball, 8LD)
Batting: RHB Luis Suárez 0-0: Called Strike
0-1: Swinging Strike
0-2: Strikes out swinging
Bottom of the 2nd over - 0 runs, 0 hits, 0 errors, 1 left on base; Colorado 2 - Saskatoon 2
TOP OF THE 3RD
Colorado Commanders batting - Pitching for Saskatoon Smokin' Guns : RHP Jorge Valentín
Batting: LHB Francisco Ríos 0-0: Called Strike
0-1: Ball
1-1: Called Strike
1-2: Foul Ball, location: 2F
1-2: Ball
2-2: Ball
3-2: Base on Balls
Batting: RHB Henry Cahill 0-0: Foul Ball, location: 2F
0-1: Swinging Strike
0-2: Ball
1-2: Strikes out swinging
Batting: LHB Roberto Herrera 0-0: Called Strike
0-1: Called Strike
0-2: Ball
1-2: Ball
2-2: Ball
3-2: Base on Balls
Francisco Ríos to second
Batting: RHB William Dyer 0-0: Called Strike
0-1: Swinging Strike
Balk!
Francisco Ríos to third
Roberto Herrera to second
0-2: Ball
1-2: Foul Ball, location: 2F
1-2: Ground out 6-3 (Groundball, 6S)
Francisco Ríos scores
Roberto Herrera to third
Batting: RHB Carlos Jiménez 0-0: Ball
1-0: Fly out, F8 (Flyball, 8RM)
Top of the 3rd over - 1 run, 0 hits, 0 errors, 1 left on base; Colorado 3 - Saskatoon 2
BOTTOM OF THE 3RD
Saskatoon Smokin' Guns batting - Pitching for Colorado Commanders : RHP Juan Ochoa
Batting: LHB Jim Hall 0-0: Called Strike
0-1: Ball
1-1: Swinging Strike
1-2: Ball
2-2: Strikes out swinging
Batting: LHB José Domínguez 0-0: Foul Ball, location: 2F
0-1: Hit by Pitch
Batting: RHB Juan Alvarado 0-0: Ball
1-0: Called Strike
1-1: Foul Ball, location: 2F
1-2: Foul Ball, location: 2F
1-2: Ball
2-2: Ground out 3-1 (Groundball, 3)
José Domínguez to second
Batting: RHB Lyle Johnston 0-0: Foul Ball, location: 2F
0-1: Foul Ball, location: 2F
0-2: Ball
1-2: Fly out, F8 (Flyball, 89D)
Bottom of the 3rd over - 0 runs, 0 hits, 0 errors, 1 left on base; Colorado 3 - Saskatoon 2
TOP OF THE 4TH
Colorado Commanders batting - Pitching for Saskatoon Smokin' Guns : RHP Jorge Valentín
Batting: RHB Pete Davis 0-0: Ball
1-0: Fly out, F7 (Flyball, 78D)
Batting: SHB Francisco Madrigal 0-0: Ball
1-0: Ball
2-0: Called Strike
2-1: Fly out, F7 (Flyball, 7LMF)
Batting: RHB Lawrence Ware 0-0: Fly out, F9 (Line Drive, 9)
Top of the 4th over - 0 runs, 0 hits, 0 errors, 0 left on base; Colorado 3 - Saskatoon 2
BOTTOM OF THE 4TH
Saskatoon Smokin' Guns batting - Pitching for Colorado Commanders : RHP Juan Ochoa
Batting: RHB Rafael Gonzáles 0-0: Swinging Strike
0-1: Ball
1-1: SINGLE (Groundball, 6MD)
Batting: RHB Artie Turner 0-0: Swinging Strike
0-1: Ball
1-1: Ball
2-1: Foul Ball, location: 2F
2-2: DOUBLE (Line Drive, 7LD)
Rafael Gonzáles to third
Runner from 3rd tries for Home, SAFE, throw made at trailing runner, OUT at third!
Batting: RHB Héctor Garza 0-0: Ball
1-0: Ball
2-0: Ball
3-0: Base on Balls
Batting: LHB Raúl Luna 0-0: Fielders Choice at 2nd, 6-4 (Groundball, 56)
Batting: RHB Luis Suárez 0-0: Ball
1-0: Ball
Raúl Luna steals 2nd base
2-0: Ball
3-0: Called Strike
3-1: 2-RUN HOME RUN (Flyball, 78XD), Distance : 456 ft
Batting: LHB Jim Hall 0-0: Called Strike
0-1: Swinging Strike
0-2: Ball
1-2: Strikes out swinging
Bottom of the 4th over - 3 runs, 3 hits, 0 errors, 0 left on base; Colorado 3 - Saskatoon 5
TOP OF THE 5TH
Colorado Commanders batting - Pitching for Saskatoon Smokin' Guns : RHP Jorge Valentín
Batting: LHB Arthur Guzmán 0-0: Ball
1-0: Ball
2-0: Called Strike
2-1: Called Strike
2-2: SOLO HOME RUN (Flyball, 9LD), Distance : 353 ft
Batting: LHB Francisco Ríos 0-0: Ball
1-0: Foul Ball, location: 2F
1-1: Swinging Strike
1-2: Ball
2-2: Foul Ball, location: 2F
2-2: Strikes out looking
Batting: RHB Henry Cahill 0-0: Ground out 6-3 (Groundball, 6)
Batting: LHB Roberto Herrera 0-0: Ball
1-0: Ball
2-0: Ball
3-0: Called Strike
3-1: Base on Balls
Batting: RHB William Dyer 0-0: Called Strike
0-1: Called Strike
0-2: Ball
1-2: Foul Ball, location: 2F
1-2: Strikes out looking
Top of the 5th over - 1 run, 1 hit, 0 errors, 1 left on base; Colorado 4 - Saskatoon 5
BOTTOM OF THE 5TH
Saskatoon Smokin' Guns batting - Pitching for Colorado Commanders : RHP Juan Ochoa
Batting: LHB José Domínguez 0-0: Ball
1-0: Ball
2-0: Ball
3-0: Base on Balls
Pitching: RHP Barrett Perry
Batting: RHB Juan Alvarado 0-0: Ball
1-0: Ball
2-0: Fly out, F7 (Flyball, 7D)
Batting: RHB Lyle Johnston 0-0: Ball
1-0: Called Strike
1-1: Ball
2-1: Fly out, F7 (Flyball, 7S)
Batting: RHB Rafael Gonzáles 0-0: Called Strike
0-1: SINGLE (Line Drive, 9S)
José Domínguez to second
Batting: RHB Artie Turner 0-0: Ball
1-0: Foul Ball, location: 2F
1-1: Fielders Choice at 2nd, 6-4 (Groundball, 56)
Bottom of the 5th over - 0 runs, 1 hit, 0 errors, 2 left on base; Colorado 4 - Saskatoon 5
TOP OF THE 6TH
Colorado Commanders batting - Pitching for Saskatoon Smokin' Guns : RHP Jorge Valentín
Batting: RHB Carlos Jiménez 0-0: Ground out 5-3 (Groundball, 56)
Batting: RHB Pete Davis 0-0: Swinging Strike
0-1: Foul Ball, location: 2F
0-2: Strikes out looking
Batting: SHB Francisco Madrigal 0-0: Called Strike
0-1: Ball
1-1: Foul Ball, location: 2F
1-2: Strikes out swinging
Top of the 6th over - 0 runs, 0 hits, 0 errors, 0 left on base; Colorado 4 - Saskatoon 5
BOTTOM OF THE 6TH
Saskatoon Smokin' Guns batting - Pitching for Colorado Commanders : RHP Barrett Perry
Batting: RHB Héctor Garza 0-0: Foul Ball, location: 2F
0-1: Ball
1-1: Foul Ball, location: 2F
1-2: Strikes out looking
Batting: LHB Raúl Luna 0-0: Ball
1-0: Foul Ball, location: 2F
1-1: Ball
2-1: Fly out, F9 (Flyball, 9LS)
Batting: RHB Luis Suárez 0-0: Called Strike
0-1: Ball
1-1: Ball
2-1: Ball
3-1: Fly out, F8 (Flyball, 8RXD)
Bottom of the 6th over - 0 runs, 0 hits, 0 errors, 0 left on base; Colorado 4 - Saskatoon 5
TOP OF THE 7TH
Colorado Commanders batting - Pitching for Saskatoon Smokin' Guns : RHP Jorge Valentín
Pitching: LHP Jorge Gatán
Batting: RHB Lawrence Ware 0-0: Ball
1-0: Ball
2-0: Ball
3-0: Called Strike
3-1: Foul Ball, location: 2F
3-2: Strikes out swinging
Batting: LHB Arthur Guzmán 0-0: Called Strike
0-1: Ball
1-1: Fly out, F8 (Flyball, 8LXD)
Batting: LHB Francisco Ríos 0-0: Ball
1-0: Called Strike
1-1: Swinging Strike
1-2: Strikes out swinging
Top of the 7th over - 0 runs, 0 hits, 0 errors, 0 left on base; Colorado 4 - Saskatoon 5
BOTTOM OF THE 7TH
Saskatoon Smokin' Guns batting - Pitching for Colorado Commanders : RHP Barrett Perry
Batting: LHB Jim Hall 0-0: Called Strike
0-1: Ball
1-1: Ground out 4-3 (Groundball, 4)
Batting: LHB José Domínguez 0-0: Ball
1-0: Swinging Strike
1-1: Called Strike
1-2: Strikes out looking
Batting: RHB Juan Alvarado 0-0: Foul Ball, location: 2F
0-1: Called Strike
0-2: Fly out, F9 (Line Drive, 9)
Bottom of the 7th over - 0 runs, 0 hits, 0 errors, 0 left on base; Colorado 4 - Saskatoon 5
TOP OF THE 8TH
Colorado Commanders batting - Pitching for Saskatoon Smokin' Guns : LHP Jorge Gatán
Batting: RHB Henry Cahill 0-0: Ball
1-0: Ground out 4-3 (Groundball, 4)
Batting: LHB Roberto Herrera 0-0: Swinging Strike
0-1: Foul Ball, location: 2F
0-2: Foul Ball, location: 2F
0-2: Ball
1-2: Strikes out swinging
Batting: RHB William Dyer 0-0: Ball
1-0: Called Strike
1-1: Reached on error, E4 (Groundball, 4)
Pitching: RHP Marcos Féliz
Pinch Hitting: SHB Miguel Price 0-0: Ball
1-0: Called Strike
1-1: Ball
2-1: Foul Ball, location: 2F
2-2: Foul Ball, location: 2F
2-2: Fly out, F8 (Flyball, 8RM)
Top of the 8th over - 0 runs, 0 hits, 1 error, 1 left on base; Colorado 4 - Saskatoon 5
BOTTOM OF THE 8TH
Saskatoon Smokin' Guns batting - Pitching for Colorado Commanders : RHP Barrett Perry
Now at 3B: Bill Peterson
Batting: RHB Lyle Johnston 0-0: Ball
1-0: Fly out, F9 (Flyball, 9)
Pitching: RHP Tony Parker
Batting: RHB Rafael Gonzáles 0-0: Called Strike
0-1: Swinging Strike
0-2: Fly out, F8 (Flyball, 8RD)
Batting: RHB Artie Turner 0-0: Ground out 5-3 (Groundball, 56D)
Bottom of the 8th over - 0 runs, 0 hits, 0 errors, 0 left on base; Colorado 4 - Saskatoon 5
TOP OF THE 9TH
Colorado Commanders batting - Pitching for Saskatoon Smokin' Guns : RHP Marcos Féliz
Pitching: RHP Artie Smith
Pinch Hitting: RHB Joe Roberts 0-0: Ball
1-0: Foul Ball, location: 2F
1-1: Ball
2-1: Foul Ball, location: 2F
2-2: SINGLE (Groundball, 56) (infield hit)
Pinch Runner at 1st Joe Sulley:
Batting: SHB Francisco Madrigal 0-0: Sac Bunt - play at first, batter OUT! 3-4
Joe Sulley to second
Batting: RHB Lawrence Ware 0-0: Ball
1-0: Called Strike
1-1: Ball
2-1: Fly out, F3 (Line Drive, 34)
Batting: LHB Arthur Guzmán 0-0: Ball
1-0: Called Strike
1-1: Foul Ball, location: 2F
1-2: Fly out, F9 (Flyball, 9LM)
Top of the 9th over - 0 runs, 1 hit, 0 errors, 1 left on base; Colorado 4 - Saskatoon 5
Saturday, April 7th, 2018 - OOTP Baseball 18.8 Build 76